 Dungeon Crawl Stone Soup version 0.28.0-47-ge53b351184 (webtiles) character file.

Game seed: 15541203481798296479

116 mortz the Conjurer (level 5, -3/35 HPs)
             Began as a Human Conjurer on May 7, 2022.
             Killed from afar by an orc wizard (10 damage)
             ... with a puff of flame
             ... on level 3 of the Dungeon.
             The game lasted 00:12:48 (3292 turns).

mortz the Conjurer (Human Conjurer)                 Turns: 3292, Time: 00:12:49

Health: -3/35      AC:  4    Str:  7    XL:     5   Next: 21%
Magic:  0/9        EV: 11    Int: 21    God:
Gold:   155        SH:  0    Dex: 11    Spells: 6/9 levels left

rFire   . . .      SeeInvis .   j - +0 short sword {short}
rCold   . . .      Faith    .   (no shield)
rNeg    . . .      Spirit   .   t - +0 leather armour
rPois   .          Reflect  .   (no helmet)
rElec   .          Harm     .   (no cloak)
rCorr   .          Rampage  .   (no gloves)
Will    .....                   h - +0 pair of boots
Stlth   ++........              (no amulet)
HPRegen 0.11/turn               q - ring of wizardry
MPRegen 0.11/turn               (no ring)

@: no status effects
A: no striking features
a: no special abilities


You were on level 3 of the Dungeon.
You visited 1 branch of the dungeon, and saw 3 of its levels.

You collected 155 gold pieces.


   Skills:
 + Level 2.3 Dodging
 + Level 2.7 Stealth
 + Level 2.8 Spellcasting
 + Level 5.2 Conjurations


You had 6 spell levels left.
You knew the following spells:

 Your Spells              Type           Power      Damage    Failure   Level
a - Magic Dart            Conj           96%        1d7       1%          1
b - Searing Ray           Conj           48%        2d6       1%          2

Your spell library contained the following spells:

 Spells                   Type           Power      Damage    Failure   Level
 Sting                    Tmut/Pois      12%        1d3       9%          1
 Dazzling Flash           Conj/Hex       26%        N/A       9%          3
 Poisonous Vapours        Pois/Air       6%         N/A       12%         2
 Fulminant Prism          Conj/Hex       6%         3d7       26%         4
 Iskenderun's Mystic Bla  Conj/Tloc      13%        2d5       26%         4
 Olgreb's Toxic Radiance  Pois           3%         N/A       58%         4

Inventory:

Hand Weapons
 b - a +0 flail {mace}
   (You found it on level 1 of the Dungeon)
 j - a +0 short sword (weapon) {short}
   (You took it off a kobold on level 1 of the Dungeon)
Missiles
 n - 2 poisoned darts {throwing}
Armour
 a - a +0 robe
 h - a +0 pair of boots (worn)
   (You found it on level 2 of the Dungeon)
 t - a +0 leather armour (worn)
   (You found it on level 3 of the Dungeon)
Jewellery
 q - a ring of wizardry (left hand)
   (You found it on level 2 of the Dungeon)
Wands
 o - a wand of flame (20)
   (You found it on level 2 of the Dungeon)
Scrolls
 g - a scroll of fear {unknown}
 k - a scroll of enchant armour {unknown}
 m - a scroll of teleportation {unknown}
 p - a scroll of vulnerability {unknown}
 r - a scroll of blinking {unknown}
 u - a scroll of identify {unknown}
 v - a scroll of holy word {unknown}
Potions
 c - a potion of ambrosia {unknown}
 d - a potion of cancellation {unknown}
 e - 2 potions of heal wounds {unknown}
 f - 2 potions of attraction {unknown}
 i - a potion of curing {unknown}
 l - a potion of haste {unknown}
 s - a potion of invisibility {unknown}

Dungeon Overview and Level Annotations

Branches:
Dungeon (3/15)

Altars:

Shops:
D:2 (

Annotations:
D:3 3 runed translucent doors, Holdthepickle's ghost, amateur TrWr

#.g......g.'......'....o†.
##.(........#......#.......
.....#########.)..#########
.....))......#..).#
.....#.......#....#
###############''################
≈≈≈≈≈≈≈≈≈≈≈≈≈≈.....≈≈≈≈≈≈≈≈≈≈≈≈≈≈
≈≈≈≈≈≈≈≈≈≈≈≈≈...{..≈≈≈≈≈≈≈≈≈≈≈≈≈≈
≈≈≈≈≈≈≈≈≈)≈≈≈.((@.≈≈≈≈≈≈≈≈≈≈≈≈≈≈≈
..≈..≈≈.≈≈≈≈≈.(((...≈≈...≈≈.≈≈≈≈≈
...............................(.
.................................
..............................>##
................)................
...........#####)######.######'##
##########..# #.# #.####.....
##.# #.# #..........


There were no monsters in sight!


Message History

You bump into the stone wall.
The orc wizard gestures wildly while chanting.
The orc wizard flickers and vanishes!
Deactivating autopickup; reactivate with Ctrl-A. 😎 MP[+1]
You bump into the stone wall.
Something hits you. 😕 HP[-2]
You take 2 damage, and now have 33/35 hp.
You completely miss something. Something hits you. 😕 HP[-1]
You take 1 damage, and now have 32/35 hp.
You feel less confused.
There is a large open door here. 😕 HP[+1]
A magic dart appears from out of thin air!
The magic dart hits you. 😕 HP[-2]
You take 2 damage, and now have 31/35 hp.
Casting: Searing Ray (safe; 1% risk of failure)
Confirm with . or Enter, or press ? or * to list all spells.
You can't see any susceptible monsters within range! (Use Z to cast anyway.) Unknown command.
Casting: Searing Ray (safe; 1% risk of failure)
Confirm with . or Enter, or press ? or * to list all spells.
Aiming: Searing Ray (safe; 1% risk of failure)
Press: ? - help, Shift-Dir - straight line The searing ray hits something. (Press . to maintain the ray.) 😕 MP[-2]
You lost 2 mp, and now have 0/9 mp.
You miss something. Something hits you. x2 😕 HP[-4]
You take 4 damage, and now have 27/35 hp.
You miss something.
You hear some strange, mumbled words.
A magic dart appears from out of thin air!
The magic dart hits you. 😮 HP[-3] MP[+1]
You take 3 damage, and now have 24/35 hp.
You hit something.
You hear some strange, mumbled words.
A magic dart appears from out of thin air!
The magic dart hits you. 😮 HP[-3]
You take 3 damage, and now have 21/35 hp.
You miss something.
You hear some strange, mumbled words.
A magic dart appears from out of thin air!
The magic dart hits you. 😮 HP[-2]
You take 2 damage, and now have 19/35 hp.
You miss something.
Something hits you but does no damage. 😮 HP[+1]
You barely miss something.
You hear some strange, mumbled words.
Something tries to affect you, but you resist.
Casting: Searing Ray (safe; 1% risk of failure)
Confirm with . or Enter, or press ? or * to list all spells.
You don't know that spell.
Casting: Searing Ray (safe; 1% risk of failure)
Confirm with . or Enter, or press ? or * to list all spells.
Aiming: Magic Dart (safe; 1% risk of failure)
Press: ? - help, Shift-Dir - straight line The magic dart hits something.
Something hits you but does no damage. 😮 MP[-1]
You lost 1 mp, and now have 0/9 mp.
You completely miss something. Something hits you but does no damage.
You barely miss something. Something hits you but does no damage.
You miss something.
You hear some strange, mumbled words.
A puff of flame appears from out of thin air!
The puff of flame hits you!
* * * LOW HITPOINT WARNING * * *
😨 HP[-9] MP[+1]
You take 9 damage, and now have 11/35 hp.
MASSIVE DAMAGE!! (PAUSE)
You completely miss something. Something hits you.
* * * LOW HITPOINT WARNING * * *
😨 HP[-1]
You take 1 damage, and now have 10/35 hp.
You closely miss something.
You hear some strange, mumbled words.
Something tries to affect you, but you resist.
Something hits you.
* * * LOW HITPOINT WARNING * * *
😨 HP[-1]
You take 1 damage, and now have 9/35 hp.
You closely miss something. Something hits you.
* * * LOW HITPOINT WARNING * * *
😱 HP[-2]
You take 2 damage, and now have 7/35 hp.
Casting: Magic Dart (safe; 1% risk of failure)
Confirm with . or Enter, or press ? or * to list all spells.
Aiming: Magic Dart (safe; 1% risk of failure)
Press: ? - help, Shift-Dir - straight line, f - you The magic dart hits something.
You hear some strange, mumbled words.
A puff of flame appears from out of thin air!
The puff of flame hits you!
You die...

Skill      XL: |  1  2  3  4 |
---------------+-------------+-----
Conjurations   | 5 |  5.2
Dodging        | |  2.3
Stealth        | |  2.7
Spellcasting   | |  2.8

Action                   |  1- 3 |  4- 6 || total
-------------------------+-------+-------++-------
Melee: Short sword       |       |    13 ||    13
 Cast: Magic Dart        |    54 |    45 ||    99
       Searing Ray       |     8 |    14 ||    22
Armor: Robe              |     1 |     3 ||     4
       Leather armour    |       |     4 ||     4
Dodge: Dodged            |     1 |    11 ||    12

Levels and vault maps discovered:
D:1:      amcnicky_arrival_wind_blow, layout_rooms, minmay_misc_feat_plants,
          minmay_octomino_j4
D:2:      minmay_spotlight, layout_rooms, serial_shops,
          nicolae_shop_behind_doors, minmay_misc_feat_chi
D:3:      minmay_goblin_kobold_castle, layout_basic, gammafunk_ghost_split,
          small_statue_alley_b, minmay_misc_feat_square

Notes
Turn   | Place    | Note
-------+----------+-------------------------------------------
     0 | D:1      | mortz the Human Conjurer began the quest for the Orb.
     0 | D:1      | Reached XP level 1. HP: 13/13 MP: 3/3
     0 | D:1      | magus.rc [v1.9.6]
   188 | D:1      | Reached XP level 2. HP: 19/19 MP: 1/5
   191 | D:1      | Learned a level 2 spell: Searing Ray
   704 | D:1      | Reached XP level 3. HP: 24/24 MP: 2/6
  1022 | D:2      | Found Aveogrot's Weapon Shoppe.
  1482 | D:2      | Reached XP level 4. HP: 30/30 MP: 4/7
  1707 | D:2      | You add the spells Sting, Poisonous Vapours and Olgreb's
                  | Toxic Radiance to your library.
  1849 | D:3      | Reached skill level 5 in Conjurations
  1890 | D:3      | Noticed Holdthepickle's ghost (amateur TrWr)
  1891 | D:3      | Noticed an ogre
  1892 | D:3      | Found a runed translucent gate.
  1928 | D:3      | Found a runed translucent gate.
  1929 | D:3      | Found a runed translucent gate.
  2505 | D:3      | HP: 5/30 [hobgoblin/+0 club (6)]
  2515 | D:3      | HP: 5/30 [goblin/stone (1)]
  2524 | D:3      | Reached XP level 5. HP: 7/35 MP: 0/8
  3291 | D:3      | HP: 7/35 [something (3)]
  3292 | D:3      | Killed from afar by an orc wizard

Vanquished Creatures
  An adder (D:2)
  A gnoll (D:3)
  2 worms
  An orc (D:3)
  6 bats
  3 endoplasms
  2 giant cockroaches
  20 goblins
  15 hobgoblins
  5 jackals (D:3)
  2 quokkas
  7 ball pythons
  3 frilled lizards
  6 kobolds
  5 rats
79 creatures vanquished.

Table legend:
 A = Non-vault XP
 B = Vault XP
 C = Vault XP percentage of total XP
 D = Non-vault monster count
 E = Vault monster count
 F = Vault count percentage of total count
                 A         B        C        D         E       F
            +---------+---------+-------+---------+---------+-------
      Total |     110 |      57 |  34.1 |      54 |      25 |  31.6
            +---------+---------+-------+---------+---------+-------
        D:1 |      30 |       3 |   9.1 |      19 |       3 |  13.6
        D:2 |      44 |       4 |   8.3 |      19 |       2 |   9.5
        D:3 |      36 |      50 |  58.1 |      16 |      20 |  55.6
            +---------+---------+-------+---------+---------+-------

Illustrated notes

Table legend:
 A = Kills in this place as a percentage of kills in entire the game.
 B = Kills by you in this place as a percentage of kills by you in the entire game.
 C = Kills by friends in this place as a percentage of kills by friends in the entire game.
 D = Other kills in this place as a percentage of other kills in the entire game.
 E = Experience gained in this place as a percentage of experience gained in the entire game.
 F = Experience gained in this place divided by the number of levels of this place that you have seen.
                   A       B       C       D       E      F
               +-------+-------+-------+-------+-------+----------------------
         Total | 100.0 | 100.0 |   N/A |   N/A | 100.0 |  55.7
       Dungeon | 100.0 | 100.0 |   N/A |   N/A | 100.0 |  55.7
               +-------+-------+-------+-------+-------+----------------------

Table legend: (Time is in decaauts)
 A = Elapsed time spent in this place.
 B = Non-inter-level travel time spent in this place.
 C = Inter-level travel time spent in this place.
 D = Time resting spent in this place.
 E = Time spent auto-exploring this place.
 F = Levels seen in this place.
 G = Mean time per level.
                   A        B        C        D        E       F      G
               +--------+--------+--------+--------+--------+-----+--------+
         Total |   3293 |   3265 |     28 |    385 |   2338 |   3 | 1097.7 |
       Dungeon |   3293 |   3265 |     28 |    385 |   2338 |   3 | 1097.7 |
               +--------+--------+--------+--------+--------+-----+--------+

Top non-repeatable levels by time:
     D:3: 1202 daAuts
     D:2: 1078 daAuts
     D:1: 1012 daAuts
